 Dungeon Crawl Stone Soup version 0.18-a0-1418-ga86aa8f (webtiles) character file.

357 dvd the Chiller (level 6, 0/43 HPs)
             Began as a Human Ice Elementalist on Feb 26, 2016.
             Was an Initiate of Ashenzari.
             Slain by an orc priest
             ... wielding a +0 club
              (3 damage)
             ... on level 4 of the Dungeon on Mar 6, 2016.
             The game lasted 00:16:10 (4138 turns).

dvd the Chiller (Human Ice Elementalist)            Turns: 4138, Time: 00:16:11

Health: 0/43       AC:  7    Str:  9    XL:     6   Next: 96%
Magic:  1/11       EV: 12    Int: 17    God:    Ashenzari [......]
Gold:   256        SH:  0    Dex: 13    Spells: 3 memorised, 6 levels left

rFire  . . .     SeeInvis .     B - +2 falchion (venom) (curse)
rCold  + + .     Gourm    .     F - +2 leather armour {rC+}
rNeg   . . .     Faith    .     (no shield)
rPois  .         Spirit   .     C - +0 helmet
rElec  .         Dismiss  .     (no cloak)
rCorr  .         Reflect  .     A - +0 pair of gloves
SustAt .         Harm     .     (no boots)
MR     .....                    (no amulet)
Stlth  ++........               o - ring of protection from cold
                                m - +1 ring of slaying

@: very slightly contaminated, not resistant to hostile enchantments, unstealthy
A: no striking features
a: Curse Item, Renounce Religion


You were on level 4 of the Dungeon.
You worshipped Ashenzari.
Ashenzari was noncommittal.
You were not hungry.

You visited 1 branch of the dungeon, and saw 4 of its levels.

You collected 256 gold pieces.

Inventory:

Hand Weapons
 g - a +0 short sword
 i - a +1 mace of protection
 n - a +0 dagger of electrocution
 q - a +0 hand axe
 t - a +0 falchion
 B - a cursed +2 falchion of venom (weapon)
 E - a +3 war axe
Armour
 A - a +0 pair of gloves (worn)
 C - a +0 helmet (worn)
 F - a +2 leather armour of cold resistance (worn)
Jewellery
 m - a +1 ring of slaying (left hand)
 o - a ring of protection from cold (right hand)
Wands
 w - a wand of flame (23/48)
Scrolls
 h - a scroll of immolation {unknown}
 k - 6 scrolls of identify
 r - a scroll of fear {unknown}
 s - a scroll of fog {unknown}
 u - a scroll of recharging {unknown}
 y - a scroll of teleportation {unknown}
 D - a scroll of amnesia {unknown}
Potions
 a - a potion of curing {unknown}
 d - a potion of degeneration {unknown}
 e - a potion of magic {unknown}
 j - a potion of lignification
 l - a potion of cure mutation
 z - a potion of berserk rage {unknown}
Books
 b - a book of Frost

   Spells                             Type                      Level
   a - Freeze                         Ice                          1
   b - Throw Frost                    Conjuration/Ice              2
   c - Ozocubu's Armour               Charms/Ice                   3
   d - Throw Icicle                   Conjuration/Ice              4
   e - Summon Ice Beast               Ice/Summoning                4
Miscellaneous
 v - a plain deck of summoning
Comestibles
 c - 4 bread rations
 f - 2 meat rations
 x - 2 slices of pizza


   Skills:
 + Level 1.4 Fighting
 + Level 1.3 Long Blades
 + Level 0.2 Armour
 + Level 3.2 Dodging
 + Level 2.8 Stealth
 + Level 3.7 Spellcasting
 + Level 1.1 Conjurations
 + Level 1.1 Charms
 + Level 4.4 Ice Magic


You had 6 spell levels left.
You knew the following spells:

 Your Spells              Type           Power        Failure   Level  Hunger
a - Freeze                Ice            ###.         4%          1    None
b - Throw Frost           Conj/Ice       ##....       12%         2    ##.....
c - Ozocubu's Armour      Chrm/Ice       ##......     24%         3    ###....


Dungeon Overview and Level Annotations

Branches:
Dungeon (4/15)
 Temple: D:4-7

Altars:
Ashenzari
Cheibriados
Dithmenos
Elyvilon
Fedhas
Gozag
Nemelex Xobeh
Qazlal
Vehumet
Xom


Message History

Press: ? - help, Shift-Dir - straight line, f/p - orc priest
Aim: an orc priest, wielding a club (moderately wounded)
You freeze the orc priest.
The orc priest is severely wounded.
The orc priest hits you but does no damage.
The orc misses you.
You barely miss the orc priest.
The orc priest is severely wounded.
The orc priest hits you but does no damage.
The orc hits you.
* * * LOW HITPOINT WARNING * * *
The orc priest misses you.
You barely miss the orc. The orc hits you.
* * * LOW HITPOINT WARNING * * *
The orc priest misses you.
Unknown command.
You hit the orc priest.
The orc priest is almost dead.
The orc misses you. The orc priest hits you with a club.
You die...

#...........................
#....[......###...........##
#...........# #...........#
#...........# #...........#
#...........# #...........#
#...........########......#
#.............# #.......
###########o..# ..... #@o.#
#...# #...# #)..# #...#
#...# #.).# #...# ....#


You could see an orc priest and an orc.

Vanquished Creatures
  A hound (D:4)
  An orc priest (D:4)
  4 orc wizards (D:4)
  A worker ant (D:4)
  Robin (D:4)
  6 adders
  2 oozes
  An adder skeleton (D:4)
  3 giant geckos (D:3)
  7 orcs (D:4)
  5 bats
  A giant cockroach (D:2)
  14 goblins
  6 hobgoblins
  8 jackals
  9 kobolds
  3 quokkas
  2 ball pythons
  A giant gecko skeleton (D:4)
  A giant gecko zombie (D:4)
  A jackal skeleton (D:4)
  6 rats
84 creatures vanquished.

Notes
Turn   | Place    | Note
--------------------------------------------------------------
     0 | D:1      | dvd the Human Ice Elementalist began the quest for the Orb.
     0 | D:1      | Reached XP level 1. HP: 13/13 MP: 3/3
   362 | D:1      | Reached XP level 2. HP: 11/19 MP: 1/5
   546 | D:1      | Learned a level 2 spell: Throw Frost
  1178 | D:2      | Reached XP level 3. HP: 24/24 MP: 2/6
  1192 | D:2      | Learned a level 3 spell: Ozocubu's Armour
  1544 | D:2      | Found an opulent altar of Gozag.
  1560 | D:2      | Reached XP level 4. HP: 30/30 MP: 4/7
  1680 | D:2      | Found a blossoming altar of Fedhas.
  1697 | D:2      | Noticed Robin
  2236 | D:3      | Reached XP level 5. HP: 33/36 MP: 4/9
  2409 | D:3      | Found a sparkling altar of Nemelex Xobeh.
  2433 | D:3      | Found a radiant altar of Vehumet.
  2433 | D:3      | Found a shattered altar of Ashenzari.
  2490 | D:3      | Found a shimmering altar of Xom.
  2694 | D:3      | Became a worshipper of Ashenzari the Shackled
  2756 | D:3      | Reached skill level 1 in Fighting
  2759 | D:3      | Found a stormy altar of Qazlal.
  2792 | D:3      | Found a shadowy altar of Dithmenos.
  2801 | D:3      | Found a snail-covered altar of Cheibriados.
  3153 | D:3      | Found a white marble altar of Elyvilon.
  3225 | D:4      | Reached skill level 4 in Ice Magic
  3259 | D:4      | Killed Robin
  3655 | D:4      | Found a white marble altar of Elyvilon.
  3734 | D:4      | Reached XP level 6. HP: 41/43 MP: 9/11
  3872 | D:4      | Reached skill level 1 in Long Blades
  3938 | D:4      | Reached skill level 1 in Charms
  4137 | D:4      | HP: 2/43 [orc (1)]
  4138 | D:4      | Slain by an orc priest

Vault maps used:
D:1:      eino_arrival_cavern_e, nrook_loot_triangle
D:2:      old_standard_altar, overflow_temple_1_default,
          minmay_misc_feat_pillars, uniq_robin
D:3:      kennysheep_big_flooded_room, ashenzari_conservatory_becter,
          nemelex_deck, cheibriados_altar_1, lemuel_crystal_altar,
          vehumet_altar_wand_db, lemuel_coloured_pillars_altar,
          lemuel_crystal_altar, lemuel_crystal_altar, first_bread
D:4:      lemuel_tele_altar

Skill      XL: |  1  2  3  4  5  6 |
---------------+-------------------+-----
Spellcasting   | 3 |  3.7
Fighting       | 1 |  1.4
Ice Magic      | 4 |  4.4
Dodging        | 3 |  3.2
Long Blades    | 1 |  1.3
Charms         | 1 |  1.1
Armour         | |  0.2
Stealth        | |  2.8
Conjurations   | |  1.1

Action                   |  1- 3 |  4- 6 || total
-------------------------+-------+-------++-------
Melee: Short sword       |    17 |     9 ||    26
       Dagger            |       |    35 ||    35
       Falchion          |       |   107 ||   107
 Cast: Freeze            |    29 |    46 ||    75
       Throw Frost       |     3 |    14 ||    17
       Ozocubu's Armour  |     2 |    11 ||    13
Invok: Curse Item        |       |     1 ||     1
  Use: Scroll            |       |     3 ||     3
       Potion            |       |     1 ||     1
 Stab: Sleeping          |     3 |     3 ||     6
  Eat: Chunk             |     3 |    11 ||    14
